 Dungeon Crawl Stone Soup version 0.17.0-56-gd8de76c (webtiles) character file.

63 Opium the Chiller (level 3, -2/19 HPs)
             Began as a Deep Elf Ice Elementalist on Dec 6, 2015.
             Was an Initiate of Yredelemnul.
             Slain by Terence
             ... wielding a +0 short sword
              (7 damage)
             ... on level 3 of the Dungeon.
             The game lasted 00:13:21 (2472 turns).

Opium the Chiller (Deep Elf Ice Elementalist)       Turns: 2472, Time: 00:13:21

Health: -2/19      AC:  3    Str:  5    XL:     3   Next: 87%
Magic:  2/10       EV: 13    Int: 20    God:    Yredelemnul [......]
Gold:   163        SH:  0    Dex: 15    Spells: 2 memorised, 7 levels left

rFire  . . .     SeeInvis .     (no weapon)
rCold  . . .     Clarity  .     a - +0 robe
rNeg   . . .     SustAt   .     (no shield)
rPois  .         Gourm    .     (no helmet)
rElec  .         Spirit   .     (no cloak)
rCorr  .         Warding  .     g - +0 pair of gloves
rMut   .         Stasis   .     (no boots)
MR     .....                    (no amulet)
Stlth  ++........               (no ring)
                                k - ring of wizardry

@: not resistant to hostile enchantments, unstealthy
A: no striking features
a: Renounce Religion


You were on level 3 of the Dungeon.
You worshipped Yredelemnul.
Yredelemnul was noncommittal.
You were not hungry.

You visited 1 branch of the dungeon, and saw 3 of its levels.

You collected 163 gold pieces.

Inventory:

Armour
 a - a +0 robe (worn)
 g - a +0 pair of gloves (worn)
Jewellery
 k - a ring of wizardry (left hand)
Scrolls
 f - a scroll of remove curse
 h - a scroll of enchant weapon {unknown}
 j - a scroll of enchant armour {unknown}
 l - 2 scrolls of fear {unknown}
 m - a scroll of identify {unknown}
Potions
 d - a potion of beneficial mutation {unknown}
 e - 2 potions of curing {unknown}
 i - a potion of agility {unknown}
 n - a potion of heal wounds {unknown}
Books
 b - a book of Frost

   Spells                             Type                      Level
   a - Freeze                         Ice                          1
   b - Throw Frost                    Conjuration/Ice              2
   c - Ozocubu's Armour               Charms/Ice                   3
   d - Throw Icicle                   Conjuration/Ice              4
   e - Summon Ice Beast               Ice/Summoning                4
   f - Condensation Shield            Ice                          4
Comestibles
 c - 2 bread rations


   Skills:
 + Level 0.1 Fighting
 + Level 2.9 Dodging
 + Level 2.8 Stealth
 + Level 4.0 Spellcasting
 + Level 1.1 Conjurations
 + Level 4.2 Ice Magic


You had 7 spell levels left.
You knew the following spells:

 Your Spells              Type           Power        Failure   Level  Hunger
a - Freeze                Ice            ###.         1%          1    None
b - Throw Frost           Conj/Ice       ##....       4%          2    #......


Dungeon Overview and Level Annotations

Branches:
Dungeon (3/15)

Altars:
Elyvilon
Gozag
Yredelemnul

Annotations:
D:3 Terence


Message History

Aiming: Freeze
Press: ? - help, Shift-Dir - straight line, f/p - Terence
Aim: Terence, wielding a short sword and wearing a scale mail (lightly wounded, fast, unusually strong)
You freeze Terence.
Terence is moderately wounded.
Terence barely misses you. Terence shouts, "Now you die!"
Terence closely misses you.
Casting: Freeze
Confirm with . or Enter, or press ? or * to list all spells.
Aiming: Freeze
Press: ? - help, Shift-Dir - straight line, f/p - Terence
Aim: Terence, wielding a short sword and wearing a scale mail (moderately wounded, fast, unusually strong)
You freeze Terence.
Terence is heavily wounded.
Terence hits you with a short sword!
* * * LOW HITPOINT WARNING * * *
Terence hits you with a short sword!
You die...
Your body rises from the dead as a mindless zombie.

#.#### ##...## ....#
##.....# ##.?#
##.......
#####...####........
...........'........
#####...####........
##..# ##.......
#####.# ##.....#
#@@...# ##...##
#.##### ##'## ###
#.# #.# #######.###
#.........#
####.###.....#
#.##.# ##.....
##.##.# #..#.#


You could see Terence.

Vanquished Creatures
  2 adders (D:2)
  2 giant geckos
  3 giant cockroaches
  6 hobgoblins
  3 jackals (D:2)
  2 ball pythons
  2 bats (D:2)
  5 giant newts
  7 goblins
  4 kobolds
  5 rats
41 creatures vanquished.

Notes
Turn   | Place    | Note
--------------------------------------------------------------
     0 | D:1      | Opium the Deep Elf Ice Elementalist began the quest for the Orb.
     0 | D:1      | Reached XP level 1. HP: 10/10 MP: 6/6
   634 | D:1      | Reached XP level 2. HP: 15/15 MP: 6/8
   640 | D:1      | Learned a level 2 spell: Throw Frost
  1489 | D:2      | Found a faded altar to an unknown god.
  1493 | D:2      | Reached XP level 3. HP: 19/19 MP: 7/10
  1515 | D:2      | Became a worshipper of Gozag Ym Sagoz the Greedy
  1599 | D:2      | Reached skill level 4 in Ice Magic
  1909 | D:2      | Found a basalt altar of Yredelemnul.
  1918 | D:2      | Fell from the grace of Gozag
  1918 | D:2      | Became a worshipper of Yredelemnul the Dark
  2163 | D:2      | Found a white marble altar of Elyvilon.
  2460 | D:3      | Noticed Terence
  2472 | D:3      | Slain by Terence

Action                   || total
-------------------------++-------
Melee: Unarmed           ||     2
 Cast: Freeze            ||    37
       Throw Frost       ||    31
Invok: Potion Petition   ||     1
  Use: Scroll            ||     1
  Eat: Chunk             ||     2
       Meat ration       ||     1
